 Dungeon Crawl Stone Soup version 0.21.3-3-g218456f21e (webtiles) character file.

40 CurlyBrace the Sneak (level 3, 0/15 HPs)
             Began as a Felid Earth Elementalist on Feb 20, 2021.
             Slain by an orc
             ... wielding a +0 dagger
              (3 damage)
             ... while paralysed by Grinder
             ... on level 5 of the Dungeon.
             The game lasted 00:08:15 (643 turns).

CurlyBrace the Sneak (Felid Earth Elementalist)      Turns: 643, Time: 00:08:16

Health: 0/15       AC:  1    Str:  7    XL:     3   Next: 30%
Magic:  5/7        EV:  4    Int: 16    God:
Gold:   65         SH:  0    Dex: 18    Spells: 3/6 levels left
                                        Lives:  0   Deaths: 0

rFire    . . .     SeeInvis +     - Unarmed
rCold    . . .     Gourm    .   (shield unavailable)
rNeg     . . .     Faith    .   (armour unavailable)
rPois    .         Spirit   .   (helmet unavailable)
rElec    .         Reflect  .   (cloak unavailable)
rCorr    .         Harm     .   (gloves unavailable)
MR       .....                  (boots unavailable)
Stlth    +++.......             (no amulet)
HPRegen  0.05/turn              a - ring of see invisible
MPRegen  0.10/turn              h - ring of wizardry

@: paralysed, quick
A: very small, no armour, no weapons or thrown items, stealth, claws 1, fangs 3,
see invisible, agile 1, carnivore, speed 1, shaggy fur 1, slow metabolism 1,
strong 1, sharp paws
a: no special abilities


You were on level 5 of the Dungeon.
You were very full.

You visited 1 branch of the dungeon, and saw 5 of its levels.

You collected 65 gold pieces.

Inventory:

Missiles
 b - 71 stones
Jewellery
 a - a ring of see invisible (left paw)
   (You found it on level 4 of the Dungeon)
 h - a ring of wizardry (right paw)
   (You found it on level 4 of the Dungeon)
Scrolls
 g - a scroll of noise
 x - a scroll of remove curse
Potions
 c - a potion of brilliance
Books
 d - a book of Geomancy

   Spells                             Type                      Level
   a - Sandblast                      Earth                        1
   b - Passwall                       Transmutation/Earth          2
   c - Stone Arrow                    Conjuration/Earth            3
   d - Petrify                        Transmutation/Earth          4
   e - Lee's Rapid Deconstruction     Earth                        5
Comestibles
 e - 2 rations


   Skills:
 + Level 1.4 Fighting
 - Level 3.0 Dodging
 - Level 3.0 Stealth
 + Level 1.4 Unarmed Combat
 - Level 2.0 Spellcasting
 - Level 1.1 Transmutations
 - Level 3.0 Earth Magic


You had 3 spell levels left.
You knew the following spells:

 Your Spells              Type           Power        Failure   Level  Hunger
a - Sandblast             Erth           ##....       2%          1    #......
b - Passwall              Tmut/Erth      #.........   6%          2    ###....


Dungeon Overview and Level Annotations

Branches:
Dungeon (5/15)
 Temple: D:4-7

Altars:
Elyvilon
Sif Muna
Wu Jian

Annotations:
D:5 Grinder, Menkaure


Innate Abilities, Weirdness & Mutations

You cannot wear armour.
You are incapable of wielding weapons or throwing items.
Your paws allow you to move quietly. (Stealth)
You have sharp claws.
You have razor-sharp teeth.
You have supernaturally acute eyesight. (SInv)
You are carnivorous and can eat meat at any time.
You cover ground quickly.
You are covered in fur. (AC +1)
You have a slow metabolism.
Your sharp claws are effective at attacking unaware monsters.
You are agile. (Dex +2)
Your muscles are strong. (Str +2)


Message History

Unknown command.
The orc shouts!
You hear a shout!
The orc completely misses you.
The orc wizard hits you but does no damage.
A phantom comes into view.
The orc closely misses you. The orc hits you with a dagger.
* * * LOW HITPOINT WARNING * * *
Menkaure misses you.
Unknown command.
Unknown command.
Grinder says, "Mostly I couldn't keep them alive."
Unknown command.
The orc wizard casts a cantrip, but nothing happens.
Menkaure misses you.
Unknown command.
Grinder gestures at you.
You suddenly lose the ability to move!
The orc hits you with a dagger.
You die...

#......# .. #......#.. ..
####......#. ...
#...#......#####..#
.....#.. .........# .....
.......##.....# #.# ......
........<.#....##.# ......
.......#### #...#.# ......
.......########.@5###......
.................o.........
.......###########Wo.......
.......# ##.....<....#
....<..# #............
.....#.# #.#.o........
#......########o#o#.#......
####.......##...#.._.......
###.###..#.#.o.#.#.....#


You could see Grinder, a phantom and 2 orcs.

Vanquished Creatures
  An adder (D:4)
  A shadow imp (D:4)
  A dart slug (D:3)
  4 orcs
  A goblin (D:2)
  2 jackals (D:4)
  4 bats
  2 frilled lizards
  A jackal skeleton (D:4)
  2 kobolds (D:3)
  A quokka zombie (D:5)
20 creatures vanquished.

Notes
Turn   | Place    | Note
-------+----------+-------------------------------------------
     0 | D:1      | CurlyBrace the Felid Earth Elementalist began the quest for the Orb.
     0 | D:1      | Reached XP level 1. HP: 7/7 MP: 4/4
   137 | D:3      | Reached XP level 2. HP: 11/11 MP: 3/6
   142 | D:3      | Learned a level 2 spell: Passwall
   165 | D:4      | Gained mutation: Your muscles are strong. (Str +2) [potion of mutation]
   165 | D:4      | Gained mutation: You are agile. (Dex +2) [potion of mutation]
   334 | D:4      | Found a deep blue altar of Sif Muna.
   385 | D:4      | Reached skill level 1 in Fighting
   385 | D:4      | Reached skill level 1 in Unarmed Combat
   407 | D:4      | Reached XP level 3. HP: 4/15 MP: 0/7
   554 | D:5      | Entered Level 5 of the Dungeon
   571 | D:5      | Found a white marble altar of Elyvilon.
   576 | D:5      | Found an ornate altar of the Wu Jian Council.
   627 | D:5      | Noticed Menkaure
   627 | D:5      | Noticed Grinder
   634 | D:5      | Noticed a phantom
   641 | D:5      | Paralysed by Grinder for 7 turns
   643 | D:5      | Slain by an orc

Skill      XL: |  1  2 |
---------------+-------+-----
Dodging        | 3 |  3.0
Stealth        | 3 |  3.0
Earth Magic    | 3 |  3.0
Fighting       | 1 |  1.4
Unarmed Combat | 1 |  1.4
Spellcasting   | |  2.0
Transmutations | |  1.1

Action                   || total
-------------------------++-------
Melee: Unarmed           ||    16
 Cast: Sandblast         ||    29
       Passwall          ||     2
  Use: Scroll            ||     7
       Potion            ||     2
 Stab: Sleeping          ||     3
  Eat: Chunk             ||     5
Dodge: Dodged            ||    30
